AoeStats
← whywhylai222

Nomad

508622484Analyzed
4v4 RM · 10d ago on Sep 23, 2026· 42m 36s· 8 players
Game mode
Random Map
Map size
231×231
Population
200
Speed
Normal
Resources
Standard
Victory
Conquest
Starting age
Dark Age
Ending age
Imperial Age
RankedLock teamsTeams togetherTeam positionsShared explorationLock speedFull tech treeHidden civsTurbo modeCheats
Victory
Defeat
🇦🇺 Byzantines · Australia
1574
+12
🇦🇺 Poles · Australia
1555
+13
🇦🇺 Spanish · Australia
1455
+17
🇦🇺 Koreans · Australia
1442
+19
🇹🇷 Japanese · Türkiye
1558
-17
🇭🇰 Wei · Hong Kong SAR China
1500
-16
🇭🇰 Slavs · Hong Kong SAR China
1476
-15
🇳🇱 Berbers · Netherlands
1424
-13
vectorJ
5:55 Loom
12:20 Feudal Age
17:13 Castle Age
16:33 Padded Archer Armor
16:26 Double-Bit Axe
18:18 Fletching
25:22 Husbandry
26:55 Town Watch
28:11 Wheelbarrow
28:46 Horse Collar
29:22 Bow Saw
31:58 Bodkin Arrow
33:05 Light Cavalry
34:40 Heavy Plow
39:31 Imperial Age
37:05 Gold Mining
37:49 Scale Barding Armor
40:22 Leather Archer Armor
40:53 Hand Cart
40:45 Bracer
42:41 Two-Man Saw
42:11 Ring Archer Armor
42:02 Chain Barding Armor
43:18 Chemistry
bobbitshobbits
6:29 Loom
12:00 Feudal Age
16:56 Castle Age
17:18 Fishing Lines
20:59 Horse Collar
22:00 Double-Bit Axe
23:22 Wheelbarrow
25:15 Bow Saw
26:01 Scale Barding Armor
27:00 Bloodlines
27:03 Forging
28:26 Heavy Plow
30:34 Hand Cart
30:30 Szlachta Privileges
31:00 Chain Barding Armor
36:46 Imperial Age
34:31 Hand Cart
35:34 Iron Casting
37:34 Cavalier
39:15 Blast Furnace
38:41 Conscription
40:00 Husbandry
MaXimus
12:29 Feudal Age
19:09 Castle Age
21:04 Fletching
21:11 Loom
22:24 Bodkin Arrow
29:11 Ballistics
40:22 Horse Collar
40:28 Double-Bit Axe
eimer6174
12:47 Feudal Age
17:07 Castle Age
15:31 Fishing Lines
18:10 Double-Bit Axe
19:04 Bow Saw
18:52 Horse Collar
19:18 Loom
20:09 Wheelbarrow
21:31 Gillnets
26:13 Ballistics
29:23 Hand Cart
32:46 Imperial Age
32:20 Scale Barding Armor
32:25 Forging
33:01 Gold Mining
33:03 Stone Mining
32:55 Horse Collar
33:57 Conscription
33:37 Greek Fire
33:49 Elite Cataphract
34:50 Chain Barding Armor
37:16 Plate Barding Armor
37:16 Iron Casting
38:30 Logistica
39:50 Chemistry
41:04 Two-Man Saw
41:01 Husbandry
41:24 Fletching
41:34 Padded Archer Armor
42:49 Bodkin Arrow
43:10 Leather Archer Armor
42:37 Treadmill Crane
Luukjes
10:08 Loom
14:17 Feudal Age
18:46 Castle Age
16:49 Double-Bit Axe
17:42 Town Watch
21:05 Fishing Lines
22:09 Fletching
23:02 Bodkin Arrow
23:19 Padded Archer Armor
29:43 Imperial Age
29:56 Ballistics
34:23 Bracer
38:19 Elite Camel Archer
40:21 Horse Collar
lunkan
4:53 Loom
14:32 Feudal Age
18:58 Castle Age
18:03 Double-Bit Axe
18:17 Gold Mining
19:07 Stone Mining
27:00 Scale Barding Armor
29:53 Chain Barding Armor
30:30 Forging
35:31 Gold Shaft Mining
35:10 Bow Saw
36:58 Fletching
40:23 Fortified Wall
40:12 Murder Holes
40:16 Bodkin Arrow
41:55 Wheelbarrow
41:05 Pikeman
41:52 Scale Mail Armor
42:27 Iron Casting
whywhylai222
5:23 Loom
5:33 Loom
12:56 Feudal Age
17:25 Castle Age
15:40 Double-Bit Axe
17:22 Fishing Lines
19:10 Bow Saw
21:19 Devotion
21:59 Sanctity
21:36 Town Watch
23:09 Wheelbarrow
22:19 Horse Collar
29:18 Heavy Plow
37:55 Stone Mining
38:04 Gold Mining
41:13 Imperial Age
vela
4:26 Loom
12:57 Feudal Age
17:48 Castle Age
15:48 Double-Bit Axe
16:20 Gold Mining
16:35 Fletching
18:00 Crossbowman
20:03 Bodkin Arrow
22:31 Bow Saw
22:01 Horse Collar
23:28 Padded Archer Armor
27:34 Horse Collar
29:12 Gold Shaft Mining
30:11 Wheelbarrow
35:39 Imperial Age
33:46 Ballistics
35:08 Guard Tower
36:24 Masonry
36:53 Bracer
37:17 Yasama
38:47 Conscription
38:40 Scale Mail Armor
39:16 Redemption
38:52 Pikeman
40:05 Halberdier
41:14 Squires
42:52 Two-Man Saw
41:56 Heavy Plow
43:04 Keep
Connection lost

Rejoining the realm…

Still unreachable

The connection could not be restored.

Session expired

The server has moved on; the page needs a fresh start.